 Dungeon Crawl Stone Soup version 0.25-a0-253-g6f1b5d974a (webtiles) character file.

Game seed: 12700211596707400349, levelgen mode: deterministic

30689 Gargoyl the Cleaver (level 13, -1/106 HPs)
             Began as a Centaur Abyssal Knight on Dec 5, 2019.
             Was a High Priest of Lugonu.
             Slain by an entropy weaver (8 damage)
             ... on level 4 of the Lair of Beasts.
             The game lasted 00:29:14 (22155 turns).

Gargoyl the Cleaver (Centaur Abyssal Knight)       Turns: 22155, Time: 00:29:15

Health: -1/106     AC:  2    Str: 18    XL:     13   Next: 21%
Magic:  12/20      EV: 10    Int: 11    God:    Lugonu [*****.]
Gold:   584        SH:  7    Dex: 11    Spells: 12/12 levels left

rFire    . . .     SeeInvis .   C - +2 war axe (flame)
rCold    . . .     Gourm    .   e - +3 buckler
rNeg     . . .     Faith    .   D - +0 plate armour
rPois    +         Spirit   .   J - +2 hat {MR+}
rElec    .         Reflect  .   i - +2 cloak
rCorr    .         Harm     .   s - +0 pair of gloves
MR       +....                  (no barding)
Stlth    ..........             (no amulet)
HPRegen  0.27/turn              x - ring of poison resistance
MPRegen  0.17/turn              n - +4 ring of evasion

@: corroded, very quick
A: large, hooves 3, blurry vision 1, deformed body, speed 2, sense surroundings
1, tough skin 3
a: Depart the Abyss, Bend Space, Banish, Corrupt, Enter the Abyss, Renounce
Religion


You were on level 4 of the Lair of Beasts.
You worshipped Lugonu.
Lugonu was extremely pleased with you.
You were not hungry.

You visited 2 branches of the dungeon, and saw 14 of its levels.
You visited the Abyss 1 time.

You collected 804 gold pieces.
You spent 220 gold pieces at shops.

Inventory:

Hand Weapons
 d - a +3 broad axe of chopping
 C - a +2 war axe of flaming (weapon)
Missiles
 k - 18 boomerangs
 H - 3 javelins (quivered)
Armour
 e - a +3 buckler (worn)
 i - a +2 cloak (worn)
 s - a +0 pair of gloves (worn)
 D - a +0 plate armour (worn)
 J - a +2 hat of magic resistance (worn)
Jewellery
 h - an uncursed ring of positive energy
 n - a +4 ring of evasion (right hand)
 x - a ring of poison resistance (left hand)
 y - an uncursed ring of flight
 K - the ring "Daciduas" {+Blink rF+ rC+}
   (You found it on level 2 of the Lair of Beasts)

   [ring of protection from cold]

   It protects you from fire.
   It protects you from cold.
   It lets you blink.
 L - an uncursed amulet of the acrobat {unknown}
Wands
 a - a wand of digging (4)
 j - a wand of enslavement (9)
 v - a wand of iceblast (9)
 w - a wand of flame (19)
 z - a wand of paralysis (5)
 B - a wand of disintegration (16)
 E - a wand of random effects (22)
 F - a wand of acid (10)
 G - a wand of scattershot (8)
Scrolls
 b - 5 scrolls of remove curse
 g - 11 scrolls of teleportation
 o - 4 scrolls of fog
 r - 2 scrolls of magic mapping
 u - 3 scrolls of identify
Potions
 f - a potion of agility
 l - a potion of heal wounds
 m - a potion of magic
 p - 3 potions of curing
 q - a potion of cancellation
 t - a potion of flight
 A - 2 potions of haste
 I - a potion of degeneration {unknown}
 M - 2 potions of ambrosia {unknown}
Comestibles
 c - 22 rations


   Skills:
 + Level 7.6 Fighting
 + Level 11.5 Axes
 + Level 2.7 Throwing
 * Level 8.8 Armour
 * Level 7.0 Dodging
 + Level 3.2 Shields
 * Level 10.3 Invocations


You had 12 spell levels left.
You didn't know any spells.
Your spell library contained the following spells:

 Spells                   Type           Power        Failure   Level  Hunger
 Animate Skeleton         Necr           N/A          100%        1    ##.....
 Apportation              Tloc           #.....       100%        1    ##.....
 Beastly Appendage        Tmut           #.....       100%        1    ##.....
 Confusing Touch          Hex            #.....       100%        1    ##.....
 Summon Small Mammal      Summ           #...         100%        1    ##.....
 Passwall                 Tmut/Erth      #.......     100%        2    ###....
 Sticks to Snakes         Tmut           #.......     100%        2    ###....
 Swiftness                Chrm/Air       #.......     100%        2    ###....
 Spider Form              Tmut/Pois      #.........   100%        3    ####...
 Ice Form                 Ice/Tmut       #.......     100%        4    #####..
 Passage of Golubria      Tloc           N/A          100%        4    #####..
 Blade Hands              Tmut           #.........   100%        5    ######.
 Lee's Rapid Deconstruct  Erth           #.........   100%        5    ######.
 Darkness                 Hex            #.........   100%        6    #######
 Invisibility             Hex            #.......     100%        6    #######


Dungeon Overview and Level Annotations

Branches:
Dungeon (10/15)            Temple (0/1) D:7            Lair (4/6) D:10
  Swamp (0/4) Lair:3        Snake (0/4) Lair:4
    Orc: D:9-12

Altars:
Nemelex Xobeh
Qazlal
Ru
The Shining One

Shops:
D:10 =


Innate Abilities, Weirdness & Mutations

You have hooves in place of feet.
Armour fits poorly on your strangely shaped body.
You cover ground very quickly.
You have extremely tough skin. (AC +3)
Scrolls take you a little longer to read.
You passively map a small area around you.


Message History

Aim: an entropy weaver (almost dead, chance to defeat MR: 58%)
The entropy weaver resists with significant effort.
You feel somewhat more hungry. The entropy weaver misses you.
The entropy weaver hits you.
* * * LOW HITPOINT WARNING * * *
The entropy weaver hits you.
* * * LOW HITPOINT WARNING * * *
The entropy weaver barely misses you. The soldier ant stings you.
* * * LOW HITPOINT WARNING * * *
Press: ? - help, Shift-Dir - straight line, f/p - entropy weaver
Aim: an entropy weaver (almost dead, chance to defeat MR: 58%)
The entropy weaver resists with significant effort.
You feel somewhat more hungry.
The entropy weaver gestures wildly while chanting.
The entropic weave corrodes you! The soldier ant stings you!
* * * LOW HITPOINT WARNING * * *
The entropy weaver hits you!
* * * LOW HITPOINT WARNING * * *
You block the entropy weaver's attack. The entropy weaver hits you!
You die... #.....## , aaa a

...* #......# #. , ,a.aa# * #..
#.....## #.. ,#a#.*##.# , #....##
+.. * ,, ,.aa ..# ##..## ** ).#
*,## #.#.# , ##.# ***
#.#,*#.####.# ###.# * ..#
#....#..#* #...# * #a###..####P#
##.P#### #@a..## ## * ....#..####
####..### #a## ........#.#
#.##.††.### .:... .........##
##........## *..... ..........#
##.........## ##..<.
..........###........#..# #.....
...........###.......#.#####?....
...........[#........#....#.#....
.........#..................'....


You could see an entropy weaver and a soldier ant.

Vanquished Creatures
  Gastronok (Lair:3)
  2 hydras
  A queen ant (Lair:4)
  An oklob plant (Lair:2)
  6 elephants (Lair:4)
  2 black mambas
  5 spiny frogs
  A rime drake (Lair:2)
  4 komodo dragons
  A troll (D:10)
  4 hippogriffs
  Grinder (D:4)
  10 blink frogs
  2 wyverns
  3 fire bats (Lair:4)
  39 yaks
  5 vampire mosquitoes (Lair:3)
  A human (D:10)
  3 nagas (Lair:4)
  2 soldier ants (Lair:4)
  4 water moccasins
  13 porcupines
  3 sky beasts
  3 orc warriors
  2 necrophages
  3 ice beasts
  An eye of draining (D:10)
  A black bear (D:7)
  3 phantoms
  4 centaurs
  6 ogres
  12 wolves
  14 crocodiles
  A big kobold (D:9)
  10 bullfrogs
  A water moccasin skeleton (D:9)
  4 scorpions
  4 killer bees
  2 howler monkeys
  3 electric eels
  5 crimson imps
  A bullfrog zombie (D:10)
  A quasit (D:9)
  3 hounds
  2 jellies (D:9)
  3 bullfrog skeletons
  6 orc priests
  3 iguanas
  2 centaur skeletons
  Terence (D:1)
  8 orc wizards
  14 worker ants
  A hound zombie (D:5)
  21 gnolls
  A worker ant zombie (D:9)
  11 adders
  6 shadow imps
  3 adder skeletons
  2 worms
  5 dart slugs
  9 leopard geckos
  37 orcs
  7 bats
  6 giant cockroaches
  4 goblins
  12 hobgoblins
  10 jackals
  4 quokkas
  A ball python (D:2)
  6 frilled lizards
  13 kobolds
  2 quokka skeletons
  11 rats
  3 fungi
  4 plants
416 creatures vanquished.

Vanquished Creatures (others)
  An entropy weaver (Lair:4)
  4 oklob plants (Lair:2)
  An ugly thing (D:9)
  2 killer bees (D:7)
  A bush (Lair:4)
  50 fungi
  40 plants
99 creatures vanquished.

Grand Total: 515 creatures vanquished

Notes
Turn   | Place    | Note
-------+----------+-------------------------------------------
     0 | Abyss:1  | Gargoyl the Centaur Abyssal Knight began the quest for the
                  | Orb.
     0 | Abyss:1  | Reached XP level 1. HP: 19/19 MP: 2/2
    50 | Abyss:3  | Found a stormy altar of Qazlal.
   118 | Abyss:3  | Noticed a quasit
   150 | Abyss:3  | Noticed a spriggan
   160 | D:1      | Escaped the Abyss
   629 | D:1      | Reached XP level 2. HP: 22/26 MP: 3/3
  1249 | D:1      | Reached * piety under Lugonu
  1372 | D:2      | Noticed Terence
  1378 | D:1      | Reached skill level 1 in Dodging
  1378 | D:1      | Reached XP level 3. HP: 25/31 MP: 4/4
  1444 | D:1      | Reached skill level 2 in Axes
  1446 | D:1      | Killed Terence
  1446 | D:1      | Reached XP level 4. HP: 17/38 MP: 5/5
  2013 | D:2      | Found a faded altar of an unknown god.
  2197 | D:2      | Found a stormy altar of Qazlal.
  2539 | D:2      | Reached ** piety under Lugonu
  2574 | D:3      | Reached XP level 5. HP: 17/45 MP: 7/7
  2906 | D:3      | Reached skill level 3 in Axes
  3518 | D:3      | Reached XP level 6. HP: 51/51 MP: 8/8
  3894 | D:4      | Reached *** piety under Lugonu
  4505 | D:4      | Noticed Grinder
  4514 | D:4      | Killed Grinder
  4514 | D:4      | Reached XP level 7. HP: 37/58 MP: 9/9
  4985 | D:4      | Reached skill level 4 in Axes
  5085 | D:5      | Entered Level 5 of the Dungeon
  5317 | D:5      | Found a sacrificial altar of Ru.
  5739 | D:5      | Reached XP level 8. HP: 43/67 MP: 11/11
  6215 | D:6      | Reached skill level 5 in Axes
  6354 | D:6      | Reached skill level 1 in Shields
  6631 | D:6      | Reached skill level 5 in Invocations
  7340 | D:7      | Reached XP level 9. HP: 73/73 MP: 13/13
  7358 | D:7      | Found a sparkling altar of Nemelex Xobeh.
  7467 | D:7      | Reached **** piety under Lugonu
  7471 | D:7      | Reached skill level 5 in Fighting
  7471 | D:7      | Reached skill level 6 in Axes
  7698 | D:7      | Reached skill level 5 in Armour
  8014 | D:7      | Found a staircase to the Ecumenical Temple.
  8056 | D:7      | Gained mutation: Scrolls take you a little longer to read.
                  | [potion of mutation]
  8056 | D:7      | Gained mutation: You passively map a small area around you.
                  | [potion of mutation]
  8541 | D:8      | Reached skill level 7 in Axes
  9761 | D:9      | Reached XP level 10. HP: 70/81 MP: 14/14
  9971 | D:9      | Found a glowing golden altar of the Shining One.
 10111 | D:9      | Noticed a white ugly thing
 10117 | D:9      | Banished a white ugly thing
 10813 | D:9      | Reached skill level 8 in Axes
 11154 | D:9      | Reached skill level 1 in Throwing
 11214 | D:9      | Reached skill level 5 in Dodging
 11837 | D:10     | Entered Level 10 of the Dungeon
 12339 | D:10     | Reached ***** piety under Lugonu
 12350 | D:10     | Reached XP level 11. HP: 35/89 MP: 16/16
 12356 | D:10     | Reached skill level 9 in Axes
 12748 | D:10     | Found a staircase to the Lair.
 13242 | D:10     | Found Jitempoe's Jewellery Shoppe.
 13245 | D:10     | Bought an uncursed ring of poison resistance for 220 gold
                  | pieces
 13552 | Lair:1   | Entered Level 1 of the Lair of Beasts
 14014 | Lair:1   | Got a coiled marble ring
 14016 | Lair:1   | Identified the ring "Dycauci" {Ice Str-5 Dex+4 SInv Stlth+}
                  | (You found it on level 1 of the Lair of Beasts)
 14080 | Lair:1   | Reached skill level 10 in Axes
 15354 | Lair:2   | Reached XP level 12. HP: 46/97 MP: 18/18
 16127 | Lair:2   | Noticed a five-headed hydra
 16134 | Lair:2   | Killed a two-headed hydra
 16325 | Lair:2   | Got a coiled steel ring
 16553 | Lair:2   | Identified the ring "Daciduas" {+Blink rF+ rC+} (You found
                  | it on level 2 of the Lair of Beasts)
 17471 | Lair:3   | Found a staircase to the Swamp.
 18161 | Lair:3   | Noticed Gastronok
 18541 | Lair:3   | Killed Gastronok
 18541 | Lair:3   | Reached skill level 11 in Axes
 19603 | Lair:3   | Noticed a four-headed hydra
 19613 | Lair:3   | Killed a one-headed hydra
 20003 | Lair:4   | Found a staircase to the Snake Pit.
 20797 | Lair:4   | Reached XP level 13. HP: 63/105 MP: 20/20
 20973 | Lair:4   | Reached skill level 10 in Invocations
 21558 | Lair:4   | Noticed an entropy weaver
 22068 | Lair:4   | Banished an entropy weaver
 22136 | Lair:4   | Noticed an entropy weaver
 22155 | Lair:4   | Slain by an entropy weaver

Levels and vault maps discovered:
D:1:      dpeg_arrival_stone_temple_mockup, layout_basic, lemuel_old_faithful
D:2:      layout_rooms, chequers_ecumenical_altar_simple_redux,
          hangedman_decor_peaks_small, hangedman_feature_mirror,
          grunt_qazlal_sundering, uniq_terence
D:3:      layout_rooms, first_ration
D:4:      layout_basic, kennysheep_pointless_box, abandoned_shop, uniq_grinder
D:5:      layout_gridville, nicolae_ru_great_annihilating_truth
D:6:      minmay_clustersquares, layout_loops_ring
D:7:      layout_basic, minmay_temple_entry_trees,
          nemelex_xobeh_ov_fountains_minmay
D:8:      layout_cave_pools
D:9:      kennysheep_spiral_hall, layout_basic, old_standard_altar,
          minmay_starry_boxes
D:10:     layout_roguey, due_lair_maze_entry_diamond, serial_shops,
          nicolae_shop_behind_doors, grunt_pizzeria
Lair:1:   layout_cave_shapes, serial_bayou_crossing
Lair:2:   dpeg_oklob_gauntlet, layout_long_grid, minmay_lair_oklob_chamber,
          lemuel_fruit_tree
Lair:3:   layout_small_grid, minmay_swamp_entry_swarm, uniq_gastronok
Lair:4:   layout_roguey, minmay_snake_entry_guardpost_small,
          nicolae_volcano_entry_batcave, nicolae_quartered_pool_super,
          minmay_another_anthill

Skill      XL: |  1  2  3  4  5  6  7  8  9 10 11 12 13 |
---------------+----------------------------------------+-----
Dodging        | 1 2 3 4 5 6 7 |  7.0
Axes           | 2 3 4 5 7 8 10 11 | 11.5
Armour         | 2 3 4 5 6 7 8 |  8.8
Invocations    | 3 4 5 6 7 8 9 10 | 10.3
Fighting       | 4 5 6 7 |  7.6
Shields        | 1 2 3 |  3.2
Throwing       | 1 2 |  2.7

Action                   |  1- 3 |  4- 6 |  7- 9 | 10-12 | 13-15 || total
-------------------------+-------+-------+-------+-------+-------++-------
Melee: Broad axe         |    52 |   191 |   368 |   686 |       ||  1297
       Kick              |     7 |    28 |    69 |   185 |    36 ||   325
       War axe           |       |       |       |    66 |   124 ||   190
Throw: Boomerang         |       |     2 |       |    28 |       ||    30
       Javelin           |       |       |     4 |    28 |     3 ||    35
Invok: Depart the Abyss  |     1 |       |       |       |       ||     1
       Banish            |       |       |     2 |     5 |     3 ||    10
       Bend Space        |       |       |     1 |       |       ||     1
Evoke: Wand              |       |       |       |       |     3 ||     3
  Use: Scroll            |     2 |     8 |     7 |     7 |       ||    24
       Potion            |     1 |     3 |     1 |     4 |     1 ||    10
 Stab: Paralysed         |       |       |     1 |       |       ||     1
  Eat: Chunk             |     1 |     8 |    12 |    26 |       ||    47
       Ration            |       |       |     1 |     3 |     1 ||     5
Armor: Leather armour    |    28 |       |       |       |       ||    28
       Skin              |     5 |     2 |       |       |       ||     7
       Scale mail        |       |   110 |   194 |    11 |       ||   315
       Plate armour      |       |       |       |   350 |   102 ||   452
Dodge: Dodged            |    25 |    92 |   239 |   333 |    91 ||   780
Block: Buckler           |    10 |    33 |    56 |   244 |    63 ||   406

Table legend:
 A = Non-vault XP
 B = Vault XP
 C = Vault XP percentage of total XP
 D = Non-vault monster count
 E = Vault monster count
 F = Vault count percentage of total count
                 A         B        C        D         E       F
            +---------+---------+-------+---------+---------+-------
      Total |   33063 |   10779 |  24.6 |     349 |      68 |  16.3
            +---------+---------+-------+---------+---------+-------
        D:1 |      75 |      36 |  32.4 |      21 |       1 |   4.5
        D:2 |      78 |      11 |  12.4 |      24 |       6 |  20.0
        D:3 |     249 |       0 |   0.0 |      34 |       0 |   0.0
        D:4 |     245 |     254 |  50.9 |      14 |       1 |   6.7
        D:5 |     636 |       6 |   0.9 |      16 |       4 |  20.0
        D:6 |     728 |     376 |  34.1 |      22 |       6 |  21.4
        D:7 |    1302 |       0 |   0.0 |      22 |       0 |   0.0
        D:8 |    1303 |       0 |   0.0 |      30 |       0 |   0.0
        D:9 |    3859 |     389 |   9.2 |      47 |       6 |  11.3
       D:10 |    3735 |    1424 |  27.6 |      28 |      11 |  28.2
     Lair:1 |    4950 |       0 |   0.0 |      26 |       0 |   0.0
     Lair:2 |    6446 |    1714 |  21.0 |      27 |       5 |  15.6
     Lair:3 |    5264 |    3180 |  37.7 |      23 |       6 |  20.7
     Lair:4 |    4193 |    3389 |  44.7 |      15 |      22 |  59.5
            +---------+---------+-------+---------+---------+-------
